 Dungeon Sprint DCSS version 0.29-a0-613-gf2c431b9b9 (webtiles) character file.

Game seed: 12549097055380003291

107 mhtbhm the Summoner (level 4, -10/24 HPs)
             Began as a Tengu Summoner on June 16, 2022.
             Killed by an exploding themself (34 damage)
             ... ignited by their inner flame
             ... in the Dungeon (Sprint III: "The Ten Rune Challenge").
             The game lasted 00:01:31 (380 turns).

mhtbhm the Summoner (Tengu Summoner)                 Turns: 380, Time: 00:01:32

Health: -10/24     AC:  2    Str:  9    XL:     4   Next: 86%
Magic:  1/11       EV: 13    Int: 17    God:
Gold:   21         SH:  0    Dex: 14    Spells: 3/12 levels left

rFire   . . .      SeeInvis .     - Unarmed
rCold   . . .      Faith    .   (no shield)
rNeg    . . .      Spirit   .   a - +0 robe
rPois   .          Reflect  .   (helmet restricted)
rElec   .          Harm     .   (no cloak)
rCorr   .          Rampage  .   (no gloves)
Will    .....      NoTele   +   (boots unavailable)
Stlth   ++........              (no amulet)
HPRegen 0.08/turn               (no ring)
MPRegen 0.12/turn               (no ring)

@: no status effects
A: beak, talons 3
a: no special abilities


You were in the Dungeon.
You visited 1 branch You collected 21 gold pieces.

Inventory:

Armour
 a - a +0 robe (worn)
Scrolls
 c - a scroll of amnesia {unknown}
 f - 2 scrolls of immolation {unknown}
 g - a scroll of blinking
 i - 2 scrolls of identify
 k - a scroll of torment {unknown}
Potions
 b - 3 potions of magic
 d - 4 potions of mutation {unknown}
 e - a potion of haste
 h - 2 potions of attraction {unknown}
 j - a potion of curing
 l - 2 potions of flight


   Skills:
 + Level 0.4 Fighting
 + Level 3.7 Dodging
 + Level 2.6 Stealth
 + Level 1.0 Unarmed Combat
 + Level 4.7 Spellcasting
 + Level 9.5 Summonings


You had 3 spell levels left.
You knew the following spells:

 Your Spells              Type           Power      Damage    Failure   Level
a - Summon Small Mammal   Summ           100%       N/A       1%          1
b - Call Imp              Summ           36%        N/A       1%          2
c - Call Canine Familiar  Summ           36%        N/A       1%          3
d - Summon Guardian Gole  Hex/Summ       20%        N/A       6%          3

Your spell library contained the following spells:

 Spells                   Type           Power      Damage    Failure   Level
 Summon Lightning Spire   Summ/Air       20%        N/A       21%         4


Dungeon Overview and Level Annotations

Branches:
Dungeon (1/1)

Altars:
Dithmenos
Ru
Yredelemnul


Innate Abilities, Weirdness & Mutations

You have a beak for a mouth.
You have claws for feet.


Message History

Unknown command.
Your hound convulses!
Your hound closely misses the necrophage.
Unknown command.
Unknown command.
Casting: Summon Guardian Golem (quite dangerous; 6% risk of failure)
Confirm with . or Enter, or press ? or * to list all spells.
You don't have enough magic to cast this spell.
Casting: Summon Guardian Golem (quite dangerous; 6% risk of failure)
Confirm with . or Enter, or press ? or * to list all spells.
The necrophage barely misses your hound.
Your iron imp hits the necrophage.
Your hound bites the necrophage but does no damage.
Unknown command.
Your hound bites the necrophage.
The necromancer casts a spell at your hound.
The bolt of negative energy hits the necrophage.
The necrophage completely resists.
The bolt of negative energy hits your hound!!
Your hound is drained!
Your hound dies!
Your hound's corpse disappears in a puff of smoke!
The bolt of negative energy hits your bat!
Your bat is drained!
Your bat dies!
Your bat's corpse disappears in a puff of smoke!
The necrophage hits your iron imp.
Your iron imp hits the necrophage.
Your guardian golem overheats!
The necrophage hits your iron imp. Flame seeps out of your guardian golem.
Your iron imp hits the necrophage but does no damage.
Your guardian golem is engulfed in blazing flames.
Flame seeps out of your guardian golem.
Unknown command.
The necrophage hits your iron imp. Flame seeps out of your guardian golem.
Your guardian golem is engulfed in blazing flames.
Your guardian golem disappears in a puff of smoke!
Your guardian golem explodes!
The fiery explosion engulfs you!!
Ouch! That really hurt!
You die...

▓▓▓ ▓▓▓ ..♣♣ ♣.# ####
...♣♣ ♣♣.# #__# ....♣
..# #p_#
..≈.♣♣♣♣.###+#+###n##
.≈≈...♣♣.#.......○§5#
≈≈≈≈♣.♣♣.'.⌠....@§§.#
≈≈≈≈≈≈...#...######+#
≈≈≈≈≈....#.⌠.#
≈≈≈≈.....#...#
≈≈.......#+###
...†.....# .........#
▓▓▓▓▓▓▓▓▓▓


You could see a necromancer (unaware), a necrophage (distracted, ally target)
and a friendly iron imp (summoned, sheltered).

Vanquished Creatures
  Jessica (D)
  A phantom (D)
2 creatures vanquished.

Vanquished Creatures (collateral kills)
  A water elemental (D)
  A human (D)
  3 rats (D)
5 creatures vanquished.

Grand Total: 7 creatures vanquished

Notes
Turn   | Place    | Note
-------+----------+-------------------------------------------
     0 | D        | mhtbhm the Tengu Summoner began the quest for the Orb.
     0 | D        | Reached XP level 1. HP: 10/10 MP: 4/4
     5 | D        | Reached skill level 5 in Summonings
    15 | D        | Noticed Jessica
    32 | D        | Killed Jessica
    33 | D        | Reached skill level 7 in Summonings
    33 | D        | Reached XP level 2. HP: 15/15 MP: 1/7
    33 | D        | Reached XP level 3. HP: 19/19 MP: 1/8
   127 | D        | Learned a level 2 spell: Call Imp
   131 | D        | Learned a level 3 spell: Call Canine Familiar
   151 | D        | Reached skill level 8 in Summonings
   348 | D        | Noticed a water elemental
   355 | D        | Killed a water elemental
   356 | D        | Reached skill level 1 in Unarmed Combat
   356 | D        | Reached skill level 9 in Summonings
   356 | D        | Reached XP level 4. HP: 24/24 MP: 2/11
   363 | D        | Learned a level 3 spell: Summon Guardian Golem
   372 | D        | Found a basalt altar of Yredelemnul.
   372 | D        | Found a shadowy altar of Dithmenos.
   372 | D        | Found a sacrificial altar of Ru.
   372 | D        | Noticed a necrophage
   380 | D        | Killed by an exploding themself... ignited by their inner
                  | flame

Illustrated notes

Levels and vault maps discovered:
D:        dungeon_sprint_mu [sprint_mu_entry_forest, sprint_mu_temple_rooms,
          sprint_mu_d1_horrors, sprint_mu_d2_genie, sprint_mu_d3_branching,
          sprint_mu_orc_legion, sprint_mu_elf_gauntlet, sprint_mu_hive_nellie,
          sprint_mu_lair_fedhas, sprint_mu_vaults_butterflies,
          sprint_mu_slime_circle, sprint_mu_shoals_archi,
          sprint_mu_snake_twists, sprint_mu_blade_basic,
          sprint_mu_crypt_fortress, sprint_mu_tomb_spiral,
          sprint_mu_vestibule_basic, sprint_mu_gehenna_hellfire,
          sprint_mu_dis_giant, sprint_mu_tartarus_statrot,
          sprint_mu_cocytus_islands, sprint_mu_zot1]

Skill      XL: |  1  2  3 |
---------------+----------+-----
Summonings     | 7 9 |  9.5
Spellcasting   | 3 4 |  4.7
Dodging        | 3 |  3.7
Unarmed Combat | 1 |  1.0
Fighting       | |  0.4
Stealth        | |  2.6

Action                   |  1- 3 |  4- 6 || total
-------------------------+-------+-------++-------
Melee: Unarmed           |     7 |       ||     7
       Kick              |     1 |       ||     1
       Peck              |     1 |       ||     1
 Cast: Summon Small Mamm |    11 |     1 ||    12
       Call Imp          |     3 |       ||     3
       Call Canine Famil |     3 |       ||     3
       Summon Guardian G |       |     1 ||     1
  Use: Potion            |     3 |       ||     3
Armor: Robe              |     2 |       ||     2
Dodge: Dodged            |     7 |       ||     7

Table legend: (Time is in decaauts)
 A = Elapsed time spent in this place.
 B = Non-inter-level travel time spent in this place.
 C = Inter-level travel time spent in this place.
 D = Time resting spent in this place.
 E = Time spent auto-exploring this place.
 F = Levels seen in this place.
 G = Mean time per level.
                   A        B        C        D        E       F      G
               +--------+--------+--------+--------+--------+-----+--------+
         Total |    396 |    396 |      0 |    224 |      1 |   1 |  396.0 |
       Dungeon |    396 |    396 |      0 |    224 |      1 |   1 |  396.0 |
               +--------+--------+--------+--------+--------+-----+--------+

Top non-repeatable levels by time:
       D: 396 daAuts
